 Dungeon Crawl Stone Soup version 0.22-a0-414-gacd343e8ff (webtiles) character file.

133 Manul the Covert (level 4, -3/23 HPs)
             Began as a Spriggan Assassin on May 13, 2018.
             Killed from afar by an orc wizard (4 damage)
             ... with a magic dart
             ... on level 3 of the Dungeon.
             The game lasted 00:02:17 (2479 turns).

Manul the Covert (Spriggan Assassin)                Turns: 2479, Time: 00:02:18

Health: -3/23      AC:  4    Str:  4 (7)  XL:     4   Next: 93%
Magic:  5/5        EV: 17    Int: 11 (12) God:
Gold:   146        SH:  0    Dex: 15 (18) Spells: 3/3 levels left

rFire    . . .     SeeInvis +   k - +2 dagger (venom)
rCold    . . .     Gourm    .   (shield restricted)
rNeg     . . .     Faith    .   c - +0 robe
rPois    .         Spirit   .   (helmet restricted)
rElec    .         Reflect  .   d - +1 cloak
rCorr    .         Harm     .   (gloves unavailable)
MR       .....                  (boots unavailable)
Stlth    ++++......             n - amulet of rage
HPRegen  0.07/turn              (no ring)
MPRegen  0.09/turn              (no ring)

@: very quick
A: very small, unfitting armour, see invisible, herbivore, speed 3, slow
metabolism 2
a: Evoke Berserk Rage


You were on level 3 of the Dungeon.
You were not hungry.

You visited 1 branch of the dungeon, and saw 3 of its levels.

You collected 146 gold pieces.

Inventory:

Hand Weapons
 b - a +0 blowgun
 k - a +2 dagger of venom (weapon)
Missiles
 e - 8 poisoned needles
 f - 2 curare-tipped needles
Armour
 c - a +0 robe (worn)
 d - a +1 cloak (worn)
Jewellery
 n - an amulet of rage (around neck)
Wands
 o - a wand of polymorph (9)
Scrolls
 a - a scroll of teleportation {unknown}
 j - 2 scrolls of remove curse
 l - 8 scrolls of identify
 q - a scroll of magic mapping
Potions
 h - a potion of ambrosia {unknown}
 m - a potion of curing {unknown}
 p - a potion of haste {unknown}
Comestibles
 g - 6 rations


   Skills:
 + Level 1.9 Fighting
 + Level 3.0 Short Blades
 + Level 2.1 Throwing
 + Level 2.5 Dodging
 + Level 8.3 Stealth


You had 3 spell levels left.
You didn't know any spells.
Your spell library was empty.

Dungeon Overview and Level Annotations

Branches:
Dungeon (3/15)

Altars:
Nemelex Xobeh
Sif Muna


Innate Abilities, Weirdness & Mutations

You are very small and have problems with some larger weapons.
You are too small for most types of armour.
You have supernaturally acute eyesight. (SInv)
You are a herbivore.
You cover ground extremely quickly.
You need to consume almost no food.


Message History

You are too injured to fight recklessly!
You barely miss the orc wizard.
The orc wizard is severely wounded.
The orc wizard gestures wildly while chanting.
The orc wizard blinks!
The orc wizard casts a spell.
The orc wizard seems to speed up.
You hit the orc wizard.
The orc wizard looks as sick as possible!
The orc wizard is severely wounded.
The orc hits you with a war axe of chopping!
* * * LOW HITPOINT WARNING * * *
x2 The orc wizard misses you.
The orc wizard completely misses you.
Unknown command.
It was a potion of degeneration.
There was something very wrong with that liquid.
You feel weakened.
You feel dopey.
You feel clumsy. The orc wizard casts a spell at you. The magic dart hits you!
You die...

....# #......# #....<.. ....#
#......# #...)... #...#
####......# #...?.>.. #...#
#.........# #.......( #...#
.##...)..# #(##.#### #####
###.##....).##### #.
#########...#####.##...... ..
..........#######o.$.##....##
###............o@o.### .
......<.##.........#
........######..#...ยง..
######### #....##### ###
#.##.# ..####### . ..##...
........##.######.###
........#..# .# ..........#


You could see 2 orc wizards and an orc.

Vanquished Creatures
  Jessica (D:2)
  3 adders (D:3)
  3 oozes (D:1)
  A worm (D:2)
  3 dart slugs
  A leopard gecko (D:2)
  5 orcs
  A ball python (D:2)
  6 bats
  2 giant cockroaches
  9 goblins
  3 hobgoblins (D:1)
  2 jackals (D:1)
  2 kobolds
  2 quokkas
  A frilled lizard (D:2)
  5 rats
50 creatures vanquished.

Notes
Turn   | Place    | Note
-------+----------+-------------------------------------------
     0 | D:1      | Manul the Spriggan Assassin began the quest for the Orb.
     0 | D:1      | Reached XP level 1. HP: 10/10 MP: 2/2
    31 | D:1      | Reached skill level 6 in Stealth
   174 | D:1      | Reached XP level 2. HP: 8/14 MP: 3/3
   549 | D:1      | Reached skill level 7 in Stealth
   549 | D:1      | Reached XP level 3. HP: 17/18 MP: 4/4
  1287 | D:2      | Found a deep blue altar of Sif Muna.
  1310 | D:2      | Noticed Jessica
  1318 | D:2      | Killed Jessica
  1318 | D:2      | Reached XP level 4. HP: 22/23 MP: 5/5
  2027 | D:3      | Reached skill level 8 in Stealth
  2057 | D:3      | Found a sparkling altar of Nemelex Xobeh.
  2478 | D:3      | HP: 1/23 [orc/war axe of chopping (2)]
  2479 | D:3      | Killed from afar by an orc wizard

Vault maps used:
D:1:      saegor_arrival_simple_e, grunt_decor_cap, hangedman_glass_garden,
          amethyst_killhole
D:2:      lemuel_blue_sif_altar, minivault_5, uniq_jessica
D:3:      overflow_temple_1_default

Skill      XL: |  1  2  3  4 |
---------------+-------------+-----
Stealth        | 6 7 8 |  8.3
Dodging        | 2 |  2.5
Short Blades   | 3 |  3.0
Fighting       | |  1.9
Throwing       | |  2.1

Action                   |  1- 3 |  4- 6 || total
-------------------------+-------+-------++-------
Melee: Dagger            |    67 |    53 ||   120
  Use: Scroll            |     4 |     1 ||     5
       Potion            |       |     1 ||     1
 Stab: Sleeping          |    11 |     7 ||    18
       Distracted        |       |     1 ||     1
Armor: Robe              |     6 |     3 ||     9
Dodge: Dodged            |    36 |    28 ||    64

Table legend:
 A = Spawn XP
 B = Non-spawn XP
 C = Spawn XP percentage of total XP
 D = Spawn monster count
 E = Non-spawn monster count
 F = Spawn count percentage of total count
 G = Total turns spent on level
                    A         B        C        D         E        F      G
               +---------+---------+-------+---------+---------+-------+---------
         Total |       0 |     190 |   0.0 |       0 |      50 |   0.0 |  2479
               +---------+---------+-------+---------+---------+-------+---------
           D:1 |       0 |      54 |   0.0 |       0 |      18 |   0.0 |   882
           D:2 |       0 |      71 |   0.0 |       0 |      17 |   0.0 |  1113
           D:3 |       0 |      65 |   0.0 |       0 |      15 |   0.0 |   484
               +---------+---------+-------+---------+---------+-------+---------
